 Dungeon Crawl Stone Soup version 0.30.1-11-g7821555f0a (webtiles) character file.

Game seed: 12326428867688043805

1386 MrIGI the Fighter (level 8, -1/62 (67) HPs)
             Began as a Minotaur Chaos Knight on Nov 28, 2023.
             Was a Plaything of Xom.
             Slain by Duvessa
             ... wielding a +4 rapier of chaos
              (21 damage)
             ... on level 4 of the Dungeon.
             The game lasted 00:28:29 (3314 turns).

MrIGI the Fighter (Minotaur Chaos Knight)           Turns: 3314, Time: 00:28:30

HP:   -1/62 (67)    AC: 12    Str: 25    XL:     8   Next: 40%
MP:   4/7           EV: 11    Int:  9    God:    Xom [.*....]
Gold: 200           SH:  0    Dex: 10    Spells: 7/7 levels left

rFire   . . .        y - +0 battleaxe
rCold   + . .        (shield currently unavailable)
rNeg    . . .        w - +0 scale mail
rPois   .            (helmet restricted)
rElec   .            (no cloak)
rCorr   .            (no gloves)
SInv    .            r - +0 pair of boots
Will    .....        m - amulet of regeneration Stlth
                     f - +6 ring of strength
HPRegen 1.10/turn    j - +4 ring of protection
MPRegen 0.10/turn

%: no passive effects
@: cleaving, drained
A: horns 2, retaliatory headbutt, cold resistance 1, frail 1, subdued magic 1
a: Renounce Religion


You were on level 4 of the Dungeon.
You worshipped Xom.
You were a plaything of Xom.
You visited 1 branch of the dungeon, and saw 5 of its levels.

You collected 200 gold pieces.

Inventory:

Hand Weapons
 a - a +0 mace of chaos
 g - a +1 falchion of holy wrath
 y - a +0 battleaxe (weapon)
Missiles
 d - 2 boomerangs
 e - 43 stones
 x - 11 javelins
 A - a throwing net
Armour
 b - a +2 leather armour
 k - a +0 ring mail
 r - a +0 pair of boots (worn)
 s - an orb of mayhem
 w - a +0 scale mail (worn)
Magical Staves
 l - a staff of air
Jewellery
 f - a +6 ring of strength (left hand)
 j - a +4 ring of protection (right hand)
 m - an amulet of regeneration (around neck)
Wands
 i - a wand of digging (5)
Scrolls
 h - a scroll of poison
 n - 2 scrolls of vulnerability
 p - 2 scrolls of identify
 u - 2 scrolls of immolation {unknown}
 v - a scroll of teleportation {unknown}
 z - a scroll of silence {unknown}
Potions
 o - 2 potions of degeneration
 q - a potion of attraction {unknown}
 t - a potion of curing
 B - a potion of brilliance {unknown}
Miscellaneous
 c - a piece from Xom's chessboard (15/15) (quivered)


   Skills:
 * Level 8.4 Fighting
 - Level 3.1 Long Blades
 * Level 2.4(4.5) Axes
 - Level 5.9(6.2) Maces & Flails
 * Level 6.0 Armour
 + Level 4.3 Dodging


You had 7 spell levels left.
You didn't know any spells.
Your spell library contained the following spells:

 Spells                   Type           Power      Damage    Failure   Level
 Passage of Golubria      Tloc           0%         N/A       100%        4
 Silence                  Hex/Air        0%         N/A       100%        5
 Lehudib's Crystal Spear  Conj/Erth      0%         10d2      100%        8


Dungeon Overview and Level Annotations

Branches:
Dungeon (5/15)
 Temple: D:4-7

Altars:
Dithmenos
Gozag
Xom

Shops:
D:1 :

Annotations:
D:4 Duvessa


Innate Abilities, Weirdness & Mutations

You have a pair of horns on your head.
You reflexively headbutt those who attack you in melee.
Your flesh is cold resistant. (rC+)
You are frail. (-10% HP)
Your spells are a little easier to cast, but a little less powerful.


Message History

Duvessa burns you. Duvessa attacks as you move away!
Duvessa hits you with a +4 rapier of chaos!
* * * LOW HITPOINT WARNING * * *
You feel your power leaking away.
Duvessa hits you with a +4 rapier of chaos.
* * * LOW HITPOINT WARNING * * *
Duvessa attacks as you move away! Duvessa closely misses you.
Duvessa misses you.
You hear Xom's avuncular chuckle.
Duvessa seems to speed up.
Duvessa hits you but does no damage.
You are poisoned.
Duvessa attacks as you move away!
Duvessa hits you with a +4 rapier of chaos.
You feel sick.
You feel sick.
Duvessa rages.
Duvessa hits you but does no damage.
You easily resist.
There is an escape hatch in the ceiling here.
You feel sick. Duvessa barely misses you. You furiously retaliate!
You headbutt Duvessa! A mysterious force pulls you upwards.
The hatch slams shut behind you.
You feel sick.
You barely miss Duvessa.
Duvessa is moderately wounded.
You feel sick.
Duvessa hits you with a +4 rapier of chaos.
* * * LOW HITPOINT WARNING * * *
Duvessa hits you with a +4 rapier of chaos.
* * * LOW HITPOINT WARNING * * *
You feel drained.
Okay, then.
You feel better. Duvessa barely misses you.
Duvessa hits you with a +4 rapier of chaos.
You closely miss Duvessa.
Duvessa is moderately wounded.
Duvessa hits you with a +4 rapier of chaos!!
You die...
Xom chuckles heartily!

#.................††............
#.##..............##############
#.##..............# ##
#.##..............# #.
#.##..............# #)
#.................# #.
####..............# #.
#.....#####.###.########### #.
####.>.........e@............###.
...................##.######...#.
####.............................
###########.######.########.#.
#.........# #.#. ########### #...
###. ######## #.......


You could see Duvessa (berserk, fast).

Vanquished Creatures
  A meliai (shapeshifter) (D:2)
  Grinder (D:3)
  A steam dragon (D:4)
  Menkaure (D:5)
  A centaur (D:4)
  5 scorpions
  Dowan (D:5)
  A hound (D:5)
  A sleepcap (D:5)
  Ijyb (D:3)
  2 iguanas
  2 orc wizards (D:5)
  6 adders
  A white imp (D:4)
  A dart slug (D:3)
  9 orcs
  4 endoplasms
  A giant cockroach (D:3)
  4 goblins
  8 hobgoblins
  3 jackals (D:2)
  3 quokkas
  6 ball pythons
  3 bats
  6 frilled lizards
  4 kobolds
  4 rats
81 creatures vanquished.

Vanquished Creatures (others)
  An endoplasm (D:4)
1 creature vanquished.

Grand Total: 82 creatures vanquished

Notes
Turn   | Place    | Note
-------+----------+-------------------------------------------
     0 | D:1      | MrIGI the Minotaur Chaos Knight began the quest for the
                  | Orb.
     0 | D:1      | Reached XP level 1. HP: 19/19 MP: 0/0
    58 | D:1      | XOM: silly message
   227 | D:1      | Reached skill level 4 in Fighting
   227 | D:1      | Reached XP level 2. HP: 27/27 MP: 1/1
   260 | D:1      | Found Mousecso's Book Boutique.
   456 | D:1      | XOM: divination: detect creatures
   563 | D:1      | XOM: divination: detect creatures
   716 | D:2      | XOM: confuse monster(s)
   724 | D:2      | Reached XP level 3. HP: 33/34 MP: 2/2
   845 | D:2      | XOM: silly message
   987 | D:2      | XOM: noise
   998 | D:2      | a jackal changed into a shapeshifter
   998 | D:2      | Noticed a shapeshifter (shapeshifter)
   998 | D:2      | a shapeshifter changed into a tarantella
   998 | D:2      | Noticed a tarantella (shapeshifter)
  1002 | D:2      | a tarantella changed into a meliai
  1002 | D:2      | Noticed a meliai (shapeshifter)
  1007 | D:2      | XOM: silly message
  1012 | D:2      | XOM: cast spell 'Summon Small Mammal'
  1020 | D:2      | Gained mutation: You are frail. (-10% HP) [potion of
                  | mutation]
  1020 | D:2      | Gained mutation: Your spells are a little easier to cast,
                  | but a little less powerful. [potion of mutation]
  1020 | D:2      | Gained mutation: Your flesh is cold resistant. (rC+)
                  | [potion of mutation]
  1021 | D:2      | Killed a meliai
  1022 | D:2      | Reached skill level 6 in Fighting
  1022 | D:2      | Reached skill level 5 in Maces & Flails
  1022 | D:2      | Reached XP level 4. HP: 12/39 MP: 3/3
  1022 | D:2      | Reached XP level 5. HP: 14/45 MP: 4/4
  1022 | D:2      | Reached XP level 6. HP: 16/51 MP: 5/5
  1389 | D:3      | Noticed Grinder
  1391 | D:3      | XOM: potion effect (brilliance)
  1392 | D:3      | XOM: divination: detect creatures
  1398 | D:3      | Paralysed by Grinder for 5 turns
  1424 | D:3      | Killed Grinder
  1460 | D:3      | Noticed Ijyb
  1472 | D:3      | Killed Ijyb
  1622 | D:3      | Found a shadowy altar of Dithmenos.
  1645 | D:3      | XOM: 4-stop teleportation journey
  1657 | D:3      | Reached XP level 7. HP: 57/57 MP: 6/6
  2025 | D:4      | Reached skill level 7 in Fighting
  2025 | D:4      | Reached skill level 1 in Long Blades
  2061 | D:4      | XOM: divination: magic mapping
  2200 | D:4      | Noticed a steam dragon
  2211 | D:4      | XOM: confuse monster(s)
  2214 | D:4      | XOM: cast spell 'Summon Small Mammal'
  2219 | D:4      | Killed a steam dragon
  2220 | D:4      | Reached skill level 5 in Armour
  2265 | D:4      | XOM: scenery: create altars
  2418 | D:4      | XOM: 1-stop teleportation journey
  2598 | D:5      | Entered Level 5 of the Dungeon
  2599 | D:5      | XOM: silly message
  2629 | D:5      | XOM: silly message
  2666 | D:5      | Reached XP level 8. HP: 66/66 MP: 7/7
  2747 | D:5      | Noticed Menkaure
  2747 | D:5      | XOM: 3-stop teleportation journey
  2753 | D:5      | Killed Menkaure
  2754 | D:5      | Reached skill level 8 in Fighting
  2754 | D:5      | Reached skill level 1 in Axes
  2813 | D:5      | Found an opulent altar of Gozag.
  2877 | D:5      | XOM: 6-stop teleportation journey
  3243 | D:5      | XOM: summons 5 hostile demons
  3263 | D:5      | Noticed Duvessa
  3263 | D:5      | Noticed Dowan
  3265 | D:5      | XOM: cleaving
  3282 | D:5      | XOM: chaos upgrade
  3297 | D:5      | XOM: noise
  3301 | D:5      | Killed Dowan
  3306 | D:5      | XOM: enchant monster (bad)
  3314 | D:4      | Slain by Duvessa

Illustrated notes

Levels and vault maps discovered:
D:1:      zelgadis_glass_arrival_small, layout_rooms, serial_aquarium,
          aquarium_bridge_long_separate [aquarium_subvault_wall,
          aquarium_subvault_bridge, aquarium_subvault_bridge,
          aquarium_subvault_bridge, aquarium_subvault_window,
          aquarium_subvault_bridge], aquarium_window_corridor_2,
          aquarium_window_fake, aquarium_window_1, aquarium_window_fake,
          aquarium_view_2d, aquarium_view_2c, aquarium_balcony_1b,
          aquarium_pool_S, serial_shops, shop
D:2:      layout_loops_cross, eino_tiny_chamber, solitary_fountain,
          minmay_shallow_snake_nest
D:3:      layout_loops_ring, grunt_dithmenos_smoke, kennysheep_generic_room_2,
          uniq_ijyb, uniq_grinder
D:4:      layout_basic
D:5:      layout_layer_cave, nicolae_gozag_cash_rules_everything_around_me,
          chequers_serial_rivers_small_3, uniq_menkaure, uniq_duvessa

Skill      XL: |  1  2  3  4  5  6  7  8 |
---------------+-------------------------+-----
Fighting       | 4 6 7 8 |  8.4
Maces & Flails | 4 5 |  5.9
Armour         | 3 4 5 6 |  6.0
Dodging        | 2 3 4 |  4.3
Long Blades    | 3 |  3.1
Axes           | 2 |  2.4

Action                     |  1- 3 |  4- 6 |  7- 9 || total
---------------------------+-------+-------+-------++-------
  Melee: Mace              |    61 |       |       ||    61
         Headbutt          |     5 |     8 |    25 ||    38
         Falchion          |       |    56 |    71 ||   127
         Punch             |       |     2 |       ||     2
         Battleaxe         |       |       |    42 ||    42
  Evoke: Piece from Xom's  |       |     2 |       ||     2
    Use: Scroll            |     3 |       |     3 ||     6
         Potion            |     2 |       |     1 ||     3
   Stab: Petrified         |       |     1 |       ||     1
 Armour: Leather armour    |    32 |    16 |       ||    48
         Ring mail         |       |     5 |    45 ||    50
         Scale mail        |       |       |    40 ||    40
  Dodge: Dodged            |    53 |    55 |    90 ||   198
